AoeStats
← stinkepete2000

Nomad

508720674Analyzed
2v2 RM · 8d ago on Sep 23, 2026· 40m 16s· 4 players
Game mode
Random Map
Map size
176×176
Population
200
Speed
Normal
Resources
Standard
Victory
Conquest
Starting age
Dark Age
Ending age
Imperial Age
RankedLock teamsTeams togetherTeam positionsShared explorationLock speedFull tech treeHidden civsTurbo modeCheats
Victory
Defeat
🇩🇪 Persians · Germany
1250
+16
🇩🇪 Koreans · Germany
1249
+16
🇮🇳 Varangians · India
1283
-17
🇨🇦 Huns · Canada
1231
-15
Puschel der Waschbär
12:54 Feudal Age
21:00 Castle Age
21:25 Castle Age
19:21 Fletching
19:51 Double-Bit Axe
21:22 Padded Archer Armor
22:09 Scale Barding Armor
22:17 Medium Warships
25:33 Wheelbarrow
28:33 Chain Barding Armor
30:11 Forging
35:02 Bodkin Arrow
36:37 Leather Archer Armor
37:44 Husbandry
39:36 Bloodlines
42:15 Imperial Age
41:04 Hand Cart
40:34 Loom
stinkepete2000
4:57 Loom
13:43 Feudal Age
14:21 Double-Bit Axe
14:19 Fishing Lines
21:21 Castle Age
19:25 Fletching
19:38 Gold Mining
22:40 Medium Warships
22:38 Bodkin Arrow
22:51 Thumb Ring
24:14 Husbandry
25:41 Wheelbarrow
24:52 Town Watch
25:25 Gillnets
30:45 Gold Shaft Mining
30:01 Stone Mining
33:31 Bow Saw
37:33 Imperial Age
36:27 Ballistics
40:51 Bracer
TheTerrorizer72
13:55 Feudal Age
16:05 Loom
19:30 Castle Age
19:53 Bloodlines
20:08 Scale Barding Armor
20:14 Forging
20:03 Stone Mining
21:42 Chain Barding Armor
22:47 Loom
24:16 Iron Casting
24:44 Fletching
35:18 Horse Collar
36:07 Light Cavalry
36:50 Husbandry
41:54 Imperial Age
manit
12:51 Loom
15:56 Feudal Age
18:57 Fishing Lines
19:46 Double-Bit Axe
19:52 Gold Mining
22:06 Wheelbarrow
22:01 Fletching
25:18 Castle Age
23:58 Padded Archer Armor
24:51 Horse Collar
25:28 Bloodlines
26:20 Medium Warships
26:39 Bodkin Arrow
31:29 Gillnets
Connection lost

Rejoining the realm…

Still unreachable

The connection could not be restored.

Session expired

The server has moved on; the page needs a fresh start.